 Dungeon Crawl Stone Soup version 0.31.0-7-gf635a9b802 (webtiles) character file.

Game seed: 10468698786029218903

33 Aldia the Firebug (level 3, 0/28 HPs)
             Began as a Draconian Fire Elementalist on Jan 23, 2024.
             Slain by a hobgoblin (1 damage)
             ... on level 1 of the Dungeon.
             The game lasted 00:03:28 (1120 turns).

Aldia the Firebug (Draconian Fire Elementalist)     Turns: 1120, Time: 00:03:29

Health: 0/28       AC:  5    Str: 10    XL:     3   Next: 12%
Magic:  0/6        EV: 12    Int: 17    God:
Gold:   74         SH:  0    Dex: 11    Spells: 0/6 levels left

rFire   . . .        b - +0 short sword
rCold   . . .        (no shield)
rNeg    . . .        (body armour unavailable)
rPois   .            (helmet restricted)
rElec   .            (no cloak)
rCorr   .            (no gloves)
SInv    .            (no boots)
Will    .....        (no amulet)
Stlth   ++           (no ring)
HPRegen 0.24/turn    (no ring)
MPRegen 0.10/turn

%: no passive effects
@: very slightly contaminated
A: AC +5, unfitting armour, cold-blooded
a: no special abilities


You were on level 1 of the Dungeon.
You visited 1 branch of the dungeon, and saw 2 of its levels.

You collected 74 gold pieces.

Inventory:

Hand Weapons
 b - a +0 short sword (weapon)
Scrolls
 c - 2 scrolls of identify
 d - a scroll of poison {unknown}
 e - a scroll of acquirement {unknown}
 f - a scroll of revelation {unknown}
 g - a scroll of fog
 i - a scroll of teleportation {unknown}
Potions
 a - a potion of magic
 h - a potion of curing


   Skills:
 + Level 1.1 Fighting
 + Level 2.1 Dodging
 - Level 1.7 Stealth
 + Level 2.3 Spellcasting
 - Level 1.2 Conjurations
 * Level 3.4 Fire Magic


You couldn't memorise any spells.
You knew the following spells:

 Your Spells              Type           Power      Damage    Failure   Level
a - Foxfire               Conj/Fire      36%        2x1d5     7%          1
b - Scorch                Fire           26%        2d6       7%          2
c - Volatile Blastmotes   Fire/Tloc      14%        2d11      28%         3

Your spell library contained the following spells:

 Spells                   Type           Power      Damage    Failure   Level
 Inner Flame              Hex/Fire       7%         N/A       28%         3
 Flame Wave               Conj/Fire      9%         2d6       56%         4


Dungeon Overview and Level Annotations

Branches:
Dungeon (2/15)

Altars:

Shops:
D:1 [


Innate Abilities, Weirdness & Mutations

Your plain brown scales are hard. (AC +5)
You cannot fit into any form of body armour.
You are cold-blooded and may be slowed by cold attacks.


Message History

The hobgoblin closely misses you. The orc wizard misses you.
You climb upwards.
There is a stone staircase leading down here.
Unknown command.
Unknown command.
Casting: Scorch (safe; 7% risk of failure)
Confirm with . or Enter, or press ? or * to list all spells.
You don't have enough magic to cast this spell.
You hit the orc wizard.
The orc wizard is lightly wounded.
The hobgoblin hits you but does no damage.
The orc wizard hits you but does no damage.
You closely miss the orc wizard.
The orc wizard is lightly wounded.
The hobgoblin barely misses you.
The orc wizard hits you with a +0 dagger.
You hit the orc wizard.
The orc wizard is moderately wounded.
The hobgoblin hits you.
* * * LOW HITPOINT WARNING * * *
The orc wizard closely misses you.
You hit the orc wizard.
The orc wizard is moderately wounded.
The hobgoblin closely misses you.
The orc wizard points at you and mumbles some strange words.
The magic dart hits you.
* * * LOW HITPOINT WARNING * * *
You barely miss the orc wizard.
Your tail-slap misses the orc wizard.
The orc wizard is moderately wounded.
The hobgoblin hits you but does no damage.
The orc wizard casts a spell at you. The puff of flame hits you.
* * * LOW HITPOINT WARNING * * *
Unknown command.
Casting: Scorch (safe; 7% risk of failure)
Confirm with . or Enter, or press ? or * to list all spells.
You miscast Scorch.
You are very lightly contaminated with residual magic.
Nothing appears to happen.
The hobgoblin hits you.
You die...

#.#..............
#.####...#####.#. #.#
##.## #... #.# #.#
###. #.# #.# #. #.#
#.# ###.
#.#####.######.).
#####g##.............
#...@o...............
#.##.###.............
#.##.# #.............
#.##.# #...........##
#.##.# #..♣.♣.♣.♣..#.
#.##.# #..........##.
##.##.###..........'..
#...#.##...........'..
#.#................'..


You could see an orc wizard and a hobgoblin.

Vanquished Creatures
  2 orcs (D:2)
  3 endoplasms (D:1)
  2 giant cockroaches (D:1)
  3 goblins (D:1)
  3 hobgoblins (D:1)
  5 kobolds
  A quokka (D:1)
  A ball python (D:1)
  4 bats (D:1)
  2 frilled lizards
  3 rats (D:1)
29 creatures vanquished.

Vanquished Creatures (others)
  31 foxfires
31 creatures vanquished.

Grand Total: 60 creatures vanquished

Notes
Turn   | Place    | Note
-------+----------+-------------------------------------------
     0 | D:1      | Aldia the Draconian Fire Elementalist began the quest for
                  | the Orb.
     0 | D:1      | Reached XP level 1. HP: 14/14 MP: 3/3
    75 | D:1      | Found Myfas's Antique Armour Emporium.
   234 | D:1      | Reached XP level 2. HP: 22/22 MP: 3/5
   237 | D:1      | Learned a level 2 spell: Scorch
   521 | D:1      | Reached skill level 1 in Fighting
   990 | D:2      | Found Ixonoqyu's Antique Armour Boutique.
  1018 | D:2      | Reached XP level 3. HP: 28/28 MP: 6/6
  1022 | D:2      | Learned a level 3 spell: Volatile Blastmotes
  1119 | D:1      | HP: 1/28 [orc wizard/puff of flame (6)]
  1120 | D:1      | Slain by a hobgoblin

Illustrated notes

Levels and vault maps discovered:
D:1:      wander_arrival_estate, layout_loops_ring, serial_shops,
          nicolae_square_shop, minmay_ruptured
D:2:      layout_rooms, serial_co_window_serial, co_window_of_opportunity_a,
          co_window_corner_a, co_window_paths_a, co_window_of_opportunity_a,
          co_window_corner_a, co_window_corner_b, co_window_broadway_c,
          co_window_cross_4, co_window_corner_ca, co_window_cross_3,
          co_window_corner_ca, co_window_cross_4, glass_columns_c,
          glass_columns_c, glass_columns_a, glass_columns_a, serial_shops,
          nicolae_shop_overgrown_old_shop, minmay_misc_feat_encased

Skill      XL: |  1  2 |
---------------+-------+-----
Dodging        | 2 |  2.1
Fighting       | 1 |  1.1
Stealth        | |  1.7
Spellcasting   | |  2.3
Conjurations   | |  1.2
Fire Magic     | |  3.4

Action                     || total
---------------------------++-------
  Melee: Short sword       ||    55
         Tailslap          ||     5
   Cast: Foxfire           ||    19
         Scorch            ||    11
    Use: Scroll            ||     2
   Stab: Sleeping          ||     1
 Armour: Skin              ||    42
  Dodge: Dodged            ||    37
